 Dungeon Crawl Stone Soup version 0.30-a0-870-gc5d4c5acee (webtiles) character file.

Game seed: 17291557884939169200

46 cforsyth the Trooper (level 3, 0/30 HPs)
             Began as a Barachi Fighter on Mar 11, 2023.
             Slain by Terence
             ... wielding a +0 flail
              (7 damage)
             ... on level 2 of the Dungeon.
             The game lasted 00:01:25 (1206 turns).

cforsyth the Trooper (Barachi Fighter)              Turns: 1206, Time: 00:01:26

Health: 0/30       AC:  7    Str: 17    XL:     3   Next: 66%
Magic:  3/3        EV:  9    Int:  8    God:
Gold:   42         SH:  5    Dex: 13    Spells: 2/2 levels left

rFire   . . .      SeeInvis .    a - +0 long sword
rCold   . . .      Faith    .    c - +0 buckler
rNeg    . . .      Spirit   .    b - +0 scale mail
rPois   .          Reflect  .    (no helmet)
rElec   .          Rampage  .    (no cloak)
rCorr   .                        (no gloves)
Will    .....                    (no boots) Stlth
                                 (no amulet)
HPRegen 0.25/turn                e - ring of flight
MPRegen 0.08/turn                (no ring)

@: mighty, flying, slow
A: amphibious, slowness 1, strong legs 1, +LOS
a: Hop


You were on level 2 of the Dungeon.
You visited 1 branch of the dungeon, and saw 2 of its levels.

You collected 42 gold pieces.

Inventory:

Hand Weapons
 a - a +0 long sword (weapon)
Armour
 b - a +0 scale mail (worn)
 c - a +0 buckler (worn)
Jewellery
 e - a ring of flight (left hand)
Scrolls
 g - 3 scrolls of identify {unknown}
 h - a scroll of blinking {unknown}
Potions
 d - a potion of might


   Skills:
 + Level 4.1 Fighting
 + Level 3.1 Long Blades
 + Level 4.1 Armour
 + Level 3.8 Shields


You had 2 spell levels left.
You didn't know any spells.
Your spell library contained the following spells:

 Spells                   Type           Power      Damage    Failure   Level
 Blink                    Tloc           0%         N/A       95%         2
 Lesser Beckoning         Tloc           0%         N/A       95%         2
 Momentum Strike          Conj/Tloc      0%         3d8       95%         2


Dungeon Overview and Level Annotations

Branches:
Dungeon (2/15)

Altars:

Annotations:
D:2 Terence


Innate Abilities, Weirdness & Mutations

You are amphibious.
You cover ground slowly.
You can hop short distances.
You have an extended range of vision and can be seen from far away.


Message History

The hobgoblin hits you. The adder bites you but does no damage.
You miss the adder.
The adder is lightly wounded.
The hobgoblin closely misses you. The adder barely misses you.
You closely miss the adder.
The adder is lightly wounded.
The adder bites you but does no damage. You block the hobgoblin's attack.
You block the adder's attack. The hobgoblin barely misses you.
You miss the adder.
The adder is lightly wounded.
The adder closely misses you.
The hobgoblin hits you but does no damage.
The adder bites you but does no damage.
You barely miss the adder.
The adder is lightly wounded.
The adder closely misses you. The hobgoblin barely misses you.
You miss the adder.
The adder is lightly wounded.
The adder bites you but does no damage.
The hobgoblin hits you but does no damage.
The adder bites you but does no damage. The hobgoblin hits you.
You slash the adder!
You kill the adder!
The hobgoblin hits you but does no damage.
You slash the hobgoblin!
You kill the hobgoblin!
You see here an adder corpse.
You pick up a book of Spatial Translocations and begin reading...
You add the spells Blink, Momentum Strike and Lesser Beckoning to your library.
Found a falchion.
There is an open door here.
You see here a +0 falchion.
You hit Terence.
Terence is lightly wounded.
Terence hits you with a +0 flail. Terence hits you with a +0 flail!
* * * LOW HITPOINT WARNING * * *
You slash Terence!
Terence is heavily wounded.
Terence hits you with a +0 flail!
You die...

##### #...#
#...####
#######@.....#
........@)....#
#######.......#
#.#.....#
#.####'## #'
#.####### ..
#.......# ..
#....##.### ...
####..#...####


You could see Terence.

Vanquished Creatures
  2 adders (D:2)
  3 endoplasms
  A giant cockroach (D:1)
  3 goblins
  3 hobgoblins
  2 kobolds
  2 quokkas (D:1)
  7 ball pythons (D:1)
  3 frilled lizards
  A rat (D:2)
27 creatures vanquished.

Notes
Turn   | Place    | Note
-------+----------+-------------------------------------------
     0 | D:1      | cforsyth the Barachi Fighter began the quest for the Orb.
     0 | D:1      | Reached XP level 1. HP: 18/18 MP: 1/1
   226 | D:1      | Reached XP level 2. HP: 25/25 MP: 2/2
  1071 | D:2      | Noticed Terence
  1093 | D:2      | Reached XP level 3. HP: 27/30 MP: 3/3
  1206 | D:2      | Slain by Terence

Illustrated notes

Levels and vault maps discovered:
D:1:      wander_arrival_lonely_grave, layout_basic, minmay_bisected
D:2:      layout_basic, uniq_terence

Skill      XL: |  1  2  3 |
---------------+----------+-----
Armour         | 4 |  4.1
Fighting       | 4 |  4.1
Long Blades    | 3 |  3.1
Shields        | |  3.8

Action                     || total
---------------------------++-------
  Melee: Long sword        ||   113
    Use: Potion            ||     2
 Armour: Scale mail        ||    56
  Dodge: Dodged            ||    62
  Block: Buckler           ||    23

Table legend: (Time is in decaauts)
 A = Elapsed time spent in this place.
 B = Non-inter-level travel time spent in this place.
 C = Inter-level travel time spent in this place.
 D = Time resting spent in this place.
 E = Time spent auto-exploring this place.
 F = Levels seen in this place.
 G = Mean time per level.
                   A        B        C        D        E       F      G
               +--------+--------+--------+--------+--------+-----+--------+
         Total |   1418 |   1382 |     36 |      0 |   1114 |   2 |  709.0 |
       Dungeon |   1418 |   1382 |     36 |      0 |   1114 |   2 |  709.0 |
               +--------+--------+--------+--------+--------+-----+--------+

Top non-repeatable levels by time:
     D:1: 1207 daAuts
     D:2: 210 daAuts
